 Dungeon Crawl Stone Soup version 0.16-a0-715-g16937c4 (webtiles) character file.

16 RobertPalmer the Sneak (level 2, -5/17 HPs)
             Began as an Octopode Enchanter on Sept 20, 2014.
             Slain by a kobold
             ... wielding a +0 short sword
              (7 damage)
             ... on Level 1 of the Dungeon.
             The game lasted 00:00:44 (562 turns).

RobertPalmer the Sneak (Octopode Enchanter)          Turns: 562, Time: 00:00:44

HP  -5/17        AC  1     Str  7      XL: 2   Next: 58%
MP   4/4         EV 12     Int 17      God:
Gold 56          SH  0     Dex 12      Spells:  1 memorised,  4 levels left

rFire  . . .     SeeInvis .     a - +1 dagger
rCold  . . .     Clarity  .     (no shield)
rNeg   . . .     rCorr    .     (helmet restricted)
rPois  .         rRot     .     (no amulet)
rElec  .         Spirit   .     (no ring)
SustAb .         Warding  .     (no ring)
rMut   .         Stasis   .     (no ring)
Gourm  .                        (no ring)
MR     .....                    (no ring)
                                (no ring)
                                (no ring)
                                (no ring)

@: not resistant to hostile enchantments, fairly stealthy
A: almost no armour, amphibious, 8 rings, constrict 8, camouflage 1, gelatinous
body 1
a: no special abilities


You were on level 1 of the Dungeon.
You were not hungry.

You visited 1 branch of the dungeon, and saw 1 of its levels.

You collected 56 gold pieces.


Innate Abilities, Weirdness & Mutations

You cannot wear most types of armour.
You are amphibious.
You can wear up to eight rings at the same time.
You can use your tentacles to constrict many enemies at once.
Your skin changes colour to match your surroundings (Stealth).
Your rubbery body absorbs attacks (AC +1).


   Skills:
 - Level 1.0 Short Blades
 - Level 2.0 Dodging
 - Level 4.0 Stealth
 - Level 2.0 Spellcasting
 + Level 3.8 Hexes


You had 4 spell levels left.
You knew the following spells:

 Your Spells              Type           Power        Failure   Level  Hunger
Z - Corona                Hex            ##.....      4%          1    #......

Inventory:

Hand weapons
 a - a +1 dagger (weapon)
Comestibles
 d - a bread ration
 f - a meat ration
Scrolls
 e - a scroll of fog {unknown}
Potions
 b - 2 potions of restore abilities {unknown}
Books
 c - a book of Maledictions

Dungeon Overview and Level Annotations

Branches:
Dungeon (1/15)

Altars:

#.......# #.##..#...#
##......# #.###.#####
#......# #.# #.#
##.###.# #.# #.# #.#
#.# ##.###.####### #.#
#.# #............# #..
#.####.....^......#
##.
#.................# #
###...#@###.####### #
#.#.#K# #.# ####
#.###.###.##### ...#
##.............# ...+
#......###.###.# ...#
#..........#...# ####
#......#####.### #
#.##+#.#####.#########
# !....
#...............#


You could see a kobold.


Message History

You hit the kobold but do no damage. The giant cockroach bites you.
The kobold hits you with a short sword.
You barely miss the kobold. You grab the kobold. You squeeze the kobold.
The kobold is moderately wounded.
The giant cockroach closely misses you. The kobold completely misses you.
You hit the kobold but do no damage.
The kobold is moderately wounded.
You constrict the kobold. The giant cockroach barely misses you.
The kobold hits you with a short sword.
* * * LOW HITPOINT WARNING * * *
You are too injured to fight recklessly!
You are too injured to fight recklessly!
You are too injured to fight recklessly!
You release your grip on the kobold.
The giant cockroach misses you.
You hit the giant cockroach.
The giant cockroach is severely wounded.
The giant cockroach bites you.
* * * LOW HITPOINT WARNING * * *
You don't know that spell.
The giant cockroach closely misses you.
Found a bubbling cyan potion.
The giant cockroach bites you.
* * * LOW HITPOINT WARNING * * *
The giant cockroach bites you.
* * * LOW HITPOINT WARNING * * *
You hit the giant cockroach.
You kill the giant cockroach!
The kobold hits you with a short sword!
You die...

Action                   || total
-------------------------++-------
Melee: Dagger            ||    21
 Stab: Sleeping          ||     2

Vault maps used:
D:1:      minmay_arrival_cross, st_stairs_4

Notes
Turn   | Place    | Note
--------------------------------------------------------------
     0 | D:1      | RobertPalmer, the Octopode Enchanter, began the quest for the Orb.
     0 | D:1      | Reached XP level 1. HP: 11/11 MP: 3/3
   230 | D:1      | Reached XP level 2. HP: 17/17 MP: 4/4
   562 | D:1      | Slain by a kobold

Vanquished Creatures
  A giant mite (D:1)
  A giant gecko (D:1)
  A bat (D:1)
  2 giant cockroaches (D:1)
  A goblin (D:1)
  A hobgoblin (D:1)
  A rat (D:1)
8 creatures vanquished.
